[Event "22nd ETCC Women 2019"]
[Site "Batumi"]
[Date "2019.10.26"]
[Round "3.21"]
[White "Ushenina, Anna"]
[Black "Peng, Zhaoqin"]
[Result "1/2-1/2"]
[ECO "A46"]
[WhiteElo "2431"]
[BlackElo "2364"]
[Annotator "NA"]
[PlyCount "67"]
[EventDate "2019.10.24"]
[EventType "team-tourn"]
[EventCountry "GEO"]
[SourceTitle "playchess.com"]
[Source "ChessBase"]
[SourceQuality "1"]
[WhiteTeam "Ukraine"]
[BlackTeam "Netherlands"]
[WhiteTeamCountry "UKR"]
[BlackTeamCountry "NED"]
[TimeControl "40/5400+30:1800+30"]

1. d4 Nf6 2. Nf3 e6 3. g3 b5 4. e3 a6 5. a4 b4 6. Bg2 d5 7. c4 bxc3 8. bxc3 a5 9. Ne5 Ba6 10. c4 Bd6 11. Nc3 c6 12. f4 Bb4 13. Bd2 O-O 14. Rc1 Nfd7 15. cxd5 cxd5 16. Nb5 Nxe5 17. fxe5 Qb6 18. Nc7 Ra7 19. Nxa6 Nxa6 20. O-O Rc7 21. Qb3 Rfc8 22. Rfd1 Rxc1 23. Rxc1 Rxc1+ 24. Bxc1 Qc6 25. Bb2 Bf8 26. Bf1 Nb4 27. Bb5 Qc7 28. Qc3 Qd8 29. Qd2 h5 30. Qf2 Be7 31. h4 g6 32. Bc3 Qc8 33. Qd2 Qc7 34. Kg2 1/2-1/2

[Event "22nd ETCC Women 2019"]
[Site "Batumi"]
[Date "2019.10.26"]
[Round "3.21"]
[White "Goossens, Hanne"]
[Black "Georgescu, Lena"]
[Result "1/2-1/2"]
[ECO "C50"]
[WhiteElo "2156"]
[BlackElo "2271"]
[Annotator "NA"]
[PlyCount "90"]
[EventDate "2019.10.24"]
[EventType "team-tourn"]
[EventCountry "GEO"]
[SourceTitle "playchess.com"]
[Source "ChessBase"]
[SourceQuality "1"]
[WhiteTeam "Belgium"]
[BlackTeam "Switzerland"]
[WhiteTeamCountry "BEL"]
[BlackTeamCountry "SUI"]
[TimeControl "40/5400+30:1800+30"]

1. e4 e5 2. Nf3 Nc6 3. Bc4 Bc5 4. O-O Nf6 5. d3 O-O 6. Bb3 d6 7. c3 a5 8. a4 h6 9. h3 Be6 10. Nbd2 Re8 11. Bxe6 Rxe6 12. Re1 d5 13. exd5 Qxd5 14. Ne4 Ba7 15. Nxf6+ Rxf6 16. Be3 Bxe3 17. Rxe3 Rd8 18. Qe2 g6 19. Re1 b6 20. Nxe5 Nxe5 21. Rxe5 Qxd3 22. Re8+ Kg7 23. Rxd8 Qxd8 24. Rd1 Rd6 25. Rxd6 Qxd6 26. b3 Qd5 27. Qc2 h5 28. h4 Kf6 29. g3 Ke5 30. Qe2+ Kd6 31. Qb2 Qd3 32. c4 Ke6 33. Kg2 Qe4+ 34. Kf1 f6 35. Qc3 c5 36. Kg1 Kf5 37. Kf1 Qh1+ 38. Ke2 Qe4+ 39. Kf1 g5 40. hxg5 fxg5 41. Qd2 Qh1+ 42. Ke2 Qe4+ 43. Kf1 Qh1+ 44. Ke2 Qe4+ 45. Kf1 Ke5 1/2-1/2

[Event "22nd ETCC Women 2019"]
[Site "Batumi"]
[Date "2019.10.26"]
[Round "3.22"]
[White "Haast, Anne"]
[Black "Gaponenko, Inna"]
[Result "1/2-1/2"]
[ECO "B33"]
[WhiteElo "2288"]
[BlackElo "2427"]
[Annotator "NA"]
[PlyCount "40"]
[EventDate "2019.10.24"]
[EventType "team-tourn"]
[EventCountry "GEO"]
[SourceTitle "playchess.com"]
[Source "ChessBase"]
[SourceQuality "1"]
[WhiteTeam "Netherlands"]
[BlackTeam "Ukraine"]
[WhiteTeamCountry "NED"]
[BlackTeamCountry "UKR"]
[TimeControl "40/5400+30:1800+30"]

1. e4 c5 2. Nf3 Nc6 3. d4 cxd4 4. Nxd4 Nf6 5. Nc3 e5 6. Ndb5 d6 7. Bg5 a6 8. Na3 b5 9. Nd5 Be7 10. Bxf6 Bxf6 11. c3 Rb8 12. Nc2 Bg5 13. Bd3 O-O 14. O-O a5 15. Qe2 b4 16. cxb4 axb4 17. Bb5 Na7 18. Bc4 Nc6 19. Bb5 Na7 20. Bc4 Nc6 1/2-1/2

[Event "22nd ETCC Women 2019"]
[Site "Batumi"]
[Date "2019.10.26"]
[Round "3.22"]
[White "Heinatz, Gundula"]
[Black "Vanduyfhuys, Daria"]
[Result "1/2-1/2"]
[ECO "A46"]
[WhiteElo "2175"]
[BlackElo "1983"]
[Annotator "NA"]
[PlyCount "118"]
[EventDate "2019.10.24"]
[EventType "team-tourn"]
[EventCountry "GEO"]
[SourceTitle "playchess.com"]
[Source "ChessBase"]
[SourceQuality "1"]
[WhiteTeam "Switzerland"]
[BlackTeam "Belgium"]
[WhiteTeamCountry "SUI"]
[BlackTeamCountry "BEL"]
[TimeControl "40/5400+30:1800+30"]

1. d4 Nf6 2. Nf3 e6 3. Bg5 h6 4. Bh4 c5 5. c3 b6 6. e3 Bb7 7. Bd3 Be7 8. Nbd2 O-O 9. O-O Nc6 10. Qe2 cxd4 11. Bxf6 Bxf6 12. exd4 Qc7 13. Ba6 Bxa6 14. Qxa6 b5 15. Ne4 Rab8 16. Nxf6+ gxf6 17. Qa3 d5 18. Qb3 Qf4 19. Ne1 Kh8 20. Rd1 Rg8 21. Rd3 Ne7 22. Qd1 Nf5 23. Rf3 Qe4 24. Qd3 b4 25. Qxe4 dxe4 26. Rf4 bxc3 27. bxc3 Nd6 28. Nc2 f5 29. Ne3 Rbc8 30. Nd1 Rc4 31. f3 Rb8 32. g4 Rg8 33. Kh1 exf3 34. gxf5 Nxf5 35. R4xf3 Ra4 36. R1f2 Rb8 37. Rd3 Rb1 38. d5 Ra6 39. c4 Kg7 40. Kg1 Ne3 41. Rxe3 Rxd1+ 42. Kg2 exd5 43. Ref3 Rg6+ 44. Kh3 f6 45. Ra3 h5 46. c5 Rc1 47. Rff3 Rxc5 48. Rxa7+ Kh6 49. Rd7 Ra5 50. a3 Rc5 51. Rd8 Ra5 52. Rd7 Ra6 53. Rxd5 Rg4 54. Rd8 Kg7 55. Rdd3 Kg6 56. Rd8 Kg7 57. Rd7+ Kg6 58. Rd8 Kg7 59. Rd7+ Kg6 1/2-1/2

[Event "22nd ETCC Women 2019"]
[Site "Batumi"]
[Date "2019.10.26"]
[Round "3.23"]
[White "Buksa, Nataliya"]
[Black "Paulet, Iozefina"]
[Result "1-0"]
[ECO "C07"]
[WhiteElo "2410"]
[BlackElo "2288"]
[Annotator "NA"]
[PlyCount "108"]
[EventDate "2019.10.24"]
[EventType "team-tourn"]
[EventCountry "GEO"]
[SourceTitle "playchess.com"]
[Source "ChessBase"]
[SourceQuality "1"]
[WhiteTeam "Ukraine"]
[BlackTeam "Netherlands"]
[WhiteTeamCountry "UKR"]
[BlackTeamCountry "NED"]
[TimeControl "40/5400+30:1800+30"]

1. e4 e6 2. d4 d5 3. Nd2 c5 4. Ngf3 cxd4 5. Nxd4 Nc6 6. Bb5 Bd7 7. Nxc6 bxc6 8. Bd3 Bd6 9. Qe2 Ne7 10. O-O Ng6 11. Nf3 O-O 12. c4 Qc7 13. Re1 dxe4 14. Bxe4 f5 15. Bc2 c5 16. h4 Bc6 17. h5 Bxf3 18. Qxf3 Ne5 19. Qe2 Rae8 20. Ba4 Nc6 21. Bxc6 Qxc6 22. b3 e5 23. Bb2 Re6 24. Rad1 e4 25. Qd2 f4 26. Qd5 Qxd5 27. Rxd5 e3 28. Ba3 Be7 29. f3 Rc8 30. g3 fxg3 31. Re2 Bd6 32. Kg2 h6 33. Bb2 Rc7 34. Bc3 Kh7 35. Be1 g6 36. hxg6+ Rxg6 37. Rxe3 Rf7 38. Bc3 Bf4 39. Re8 Rg8 40. Rxg8 Kxg8 41. Be5 Be3 42. Kxg3 a5 43. f4 a4 44. Kf3 Bc1 45. Rxc5 a3 46. Rc8+ Kh7 47. Rc7 Rxc7 48. Bxc7 Kg6 49. b4 Kf5 50. b5 Ke6 51. Be5 Kd7 52. c5 Bb2 53. c6+ Ke6 54. b6 Kd5 {Ke4+} 1-0

[Event "22nd ETCC Women 2019"]
[Site "Batumi"]
[Date "2019.10.26"]
[Round "3.23"]
[White "Mabille, Natacha"]
[Black "De Seroux, Camille"]
[Result "0-1"]
[ECO "B88"]
[WhiteElo "1939"]
[BlackElo "2140"]
[Annotator "NA"]
[PlyCount "66"]
[EventDate "2019.10.24"]
[EventType "team-tourn"]
[EventCountry "GEO"]
[SourceTitle "playchess.com"]
[Source "ChessBase"]
[SourceQuality "1"]
[WhiteTeam "Belgium"]
[BlackTeam "Switzerland"]
[WhiteTeamCountry "BEL"]
[BlackTeamCountry "SUI"]
[TimeControl "40/5400+30:1800+30"]

1. e4 c5 2. Nf3 Nc6 3. d4 cxd4 4. Nxd4 Nf6 5. Nc3 d6 6. Bc4 e6 7. O-O Be7 8. Bg5 O-O 9. Bb3 a6 10. Re1 Bd7 11. Qd2 h6 12. Be3 Ng4 13. Nxc6 Bxc6 14. Bf4 b5 15. a3 Qc7 16. Rad1 Rfd8 17. Qe2 Ne5 18. Bg3 Rab8 19. f4 Nc4 20. f5 e5 21. Bxc4 bxc4 22. Qxc4 Rxb2 23. Nd5 Qa7+ 24. Bf2 Bxd5 25. Qxd5 Qc7 26. c4 Rc8 27. Rc1 Bg5 28. Be3 Bxe3+ 29. Rxe3 Qb6 30. Rcc3 Rb1+ 31. Kf2 Qb2+ 32. Kf3 Rf1+ 33. Kg3 Rg1 0-1

[Event "22nd ETCC Women 2019"]
[Site "Batumi"]
[Date "2019.10.26"]
[Round "3.24"]
[White "Ratsma, Rosa"]
[Black "Osmak, Iulija"]
[Result "1/2-1/2"]
[ECO "C01"]
[WhiteElo "2283"]
[BlackElo "2409"]
[Annotator "NA"]
[PlyCount "159"]
[EventDate "2019.10.24"]
[EventType "team-tourn"]
[EventCountry "GEO"]
[SourceTitle "playchess.com"]
[Source "ChessBase"]
[SourceQuality "1"]
[WhiteTeam "Netherlands"]
[BlackTeam "Ukraine"]
[WhiteTeamCountry "NED"]
[BlackTeamCountry "UKR"]
[TimeControl "40/5400+30:1800+30"]

1. e4 e6 2. d4 d5 3. exd5 exd5 4. Nf3 Nc6 5. Nc3 Bb4 6. Bd3 Bg4 7. O-O Nge7 8. h3 Bh5 9. a3 Bxc3 10. bxc3 Bg6 11. a4 O-O 12. Ba3 Re8 13. Re1 Bxd3 14. cxd3 Ng6 15. Rxe8+ Qxe8 16. Qb3 Qd7 17. Re1 f6 18. g3 b6 19. Kg2 Na5 20. Qa2 Rd8 21. Bc1 Kf7 22. c4 c6 23. Bd2 Nb7 24. a5 bxa5 25. Bxa5 Re8 26. Rxe8 Kxe8 27. Bb4 a5 28. Bxa5 h5 29. Bd2 Nd8 30. Qa8 Kf7 31. Qb8 Ne6 32. Be3 Ngf8 33. h4 Ng6 34. c5 Qc7 35. Qa8 Qd7 36. Qb8 Qc7 37. Qxc7+ Nxc7 38. Nd2 Ke6 39. Nb3 Ne7 40. f3 Na6 41. Bd2 Nc7 42. g4 g6 43. Kf2 Kd7 44. Nc1 Ne6 45. Ne2 Ke8 46. Be3 Kf7 47. Kg3 Nc8 48. Bf2 Na7 49. f4 Ng7 50. f5 gxf5 51. gxh5 Nxh5+ 52. Kf3 Nb5 53. Nf4 Ng7 54. h5 Nc7 55. Be3 Nge6 56. Ng6 Ng7 57. Nf4 Nge6 58. Ng6 Ng7 59. Ne7 Nxh5 60. Nxc6 Ke6 61. Nb4 Nb5 62. Nc2 Kd7 63. Bg1 Ng7 64. Ke3 Ne6 65. Bh2 Nd8 66. Nb4 Nc6 67. Nxd5 Ncxd4 68. Nxf6+ Kc6 69. Be5 Kxc5 70. Kf4 Ne2+ 71. Kxf5 Nc1 72. Ne4+ Kd5 73. Nf6+ Kc5 74. Ke4 Nd6+ 75. Ke3 Nxd3 76. Kxd3 Nf7 77. Bf4 Nd6 78. Nd7+ Kd5 79. Nb6+ Kc6 80. Bxd6 1/2-1/2

[Event "22nd ETCC Women 2019"]
[Site "Batumi"]
[Date "2019.10.26"]
[Round "3.24"]
[White "Pellicoro, Nathalie"]
[Black "Cuvelier, Annelies"]
[Result "0-1"]
[ECO "C50"]
[WhiteElo "1967"]
[BlackElo "1844"]
[Annotator "NA"]
[PlyCount "102"]
[EventDate "2019.10.24"]
[EventType "team-tourn"]
[EventCountry "GEO"]
[SourceTitle "playchess.com"]
[Source "ChessBase"]
[SourceQuality "1"]
[WhiteTeam "Switzerland"]
[BlackTeam "Belgium"]
[WhiteTeamCountry "SUI"]
[BlackTeamCountry "BEL"]
[TimeControl "40/5400+30:1800+30"]

1. e4 e5 2. Nf3 Nc6 3. Bc4 Bc5 4. d3 Nf6 5. Bg5 h6 6. Bh4 d6 7. c3 a6 8. b4 Ba7 9. a4 Bd7 10. Qb3 O-O 11. Nbd2 Qe7 12. O-O Be6 13. Rfe1 g5 14. Bg3 Nh5 15. Nf1 Bxc4 16. Qxc4 Qe6 17. Ne3 Bxe3 18. Rxe3 Qxc4 19. dxc4 f5 20. exf5 Rxf5 21. a5 Kg7 22. c5 Nxg3 23. hxg3 g4 24. Nh4 Rf6 25. cxd6 cxd6 26. Rd1 Rd8 27. Red3 Kf7 28. f3 h5 29. Rd5 Ke6 30. f4 Ne7 31. Rxe5+ dxe5 32. Rxd8 exf4 33. gxf4 Rxf4 34. Re8 Rf7 35. Ng6 Kd7 36. Rxe7+ Rxe7 37. Nxe7 Kxe7 38. g3 Ke6 39. c4 Ke5 40. b5 Kd4 41. bxa6 bxa6 42. Kf2 Kxc4 43. Ke3 Kb5 44. Kf4 Kxa5 45. Kg5 Kb5 46. Kxh5 a5 47. Kxg4 a4 48. Kf5 a3 49. g4 a2 50. g5 a1=Q 51. g6 Qg7 0-1

[Event "22nd ETCC Women 2019"]
[Site "Batumi"]
[Date "2019.10.26"]
[Round "3.25"]
[White "Exler, Veronika"]
[Black "Balajayeva, Khanim"]
[Result "0-1"]
[ECO "C55"]
[WhiteElo "2222"]
[BlackElo "2368"]
[Annotator "NA"]
[PlyCount "62"]
[EventDate "2019.10.24"]
[EventType "team-tourn"]
[EventCountry "GEO"]
[SourceTitle "playchess.com"]
[Source "ChessBase"]
[SourceQuality "1"]
[WhiteTeam "Austria"]
[BlackTeam "Azerbaijan"]
[WhiteTeamCountry "AUT"]
[BlackTeamCountry "AZE"]
[TimeControl "40/5400+30:1800+30"]

1. e4 e5 2. Nf3 Nc6 3. d4 exd4 4. Bc4 Nf6 5. e5 d5 6. Bb5 Nd7 7. O-O Be7 8. Bxc6 bxc6 9. Nxd4 Nb8 10. f4 c5 11. Ne2 f6 12. Nec3 c6 13. exf6 Bxf6 14. Re1+ Kf7 15. Nd2 Re8 16. Nf3 Bg4 17. Rxe8 Qxe8 18. Bd2 Kg8 19. h3 Bxf3 20. Qxf3 Na6 21. Re1 Qf7 22. Na4 c4 23. Bc3 Rf8 24. Bxf6 Qxf6 25. g3 Nb4 26. Qf2 Qf5 27. Re2 Nxa2 28. Kg2 Nb4 29. c3 Nd3 30. Qxa7 h5 31. h4 Qg4 0-1

[Event "22nd ETCC Women 2019"]
[Site "Batumi"]
[Date "2019.10.26"]
[Round "3.25"]
[White "Machlik, Monika"]
[Black "Stojkovska, Monika"]
[Result "1/2-1/2"]
[ECO "A40"]
[WhiteElo "2159"]
[BlackElo "2108"]
[Annotator "NA"]
[PlyCount "86"]
[EventDate "2019.10.24"]
[EventType "team-tourn"]
[EventCountry "GEO"]
[SourceTitle "playchess.com"]
[Source "ChessBase"]
[SourceQuality "1"]
[WhiteTeam "Norway"]
[BlackTeam "Macedonia"]
[WhiteTeamCountry "NOR"]
[BlackTeamCountry "MKD"]
[TimeControl "40/5400+30:1800+30"]

1. d4 e6 2. c4 Nf6 3. g3 c5 4. d5 exd5 5. cxd5 b5 6. Bg2 d6 7. e4 g6 8. Ne2 Bg7 9. O-O O-O 10. Nd2 Nbd7 11. a4 b4 12. Nc4 Nb6 13. Qc2 Ba6 14. Nxb6 Qxb6 15. Re1 Rfe8 16. a5 Qb5 17. Nf4 Ng4 18. Bf1 c4 19. h3 Ne5 20. Kg2 Rac8 21. Bd2 b3 22. Qb1 Nd3 23. Nxd3 cxd3 24. Re3 Rc2 25. Bxd3 Qxd3 26. Rxd3 Bxd3 27. Qd1 Bxb2 28. Rb1 Rxe4 29. Bh6 Be2 30. Qxc2 bxc2 31. Rxb2 f5 32. Rxc2 Bc4 33. Rd2 Re5 34. Bf4 Rxd5 35. Rxd5 Bxd5+ 36. Kg1 Kf7 37. Bxd6 Ke6 38. Bf4 Bc4 39. h4 Kd5 40. Be3 a6 41. Bf4 Kc6 42. Bg5 Kb5 43. Bd2 Bd3 1/2-1/2

[Event "22nd ETCC Women 2019"]
[Site "Batumi"]
[Date "2019.10.26"]
[Round "3.26"]
[White "Fataliyeva, Ulviyya"]
[Black "Trippold, Denise"]
[Result "1-0"]
[ECO "A06"]
[WhiteElo "2368"]
[BlackElo "2180"]
[Annotator "NA"]
[PlyCount "71"]
[EventDate "2019.10.24"]
[EventType "team-tourn"]
[EventCountry "GEO"]
[SourceTitle "playchess.com"]
[Source "ChessBase"]
[SourceQuality "1"]
[WhiteTeam "Azerbaijan"]
[BlackTeam "Austria"]
[WhiteTeamCountry "AZE"]
[BlackTeamCountry "AUT"]
[TimeControl "40/5400+30:1800+30"]

1. Nf3 d5 2. e3 Nf6 3. c4 e6 4. b3 c5 5. Bb2 Nc6 6. Be2 d4 7. exd4 cxd4 8. d3 Bc5 9. O-O O-O 10. Na3 Re8 11. Nc2 e5 12. Qd2 a5 13. Ng5 h6 14. Ne4 Nxe4 15. dxe4 Nb4 16. Ne1 Qb6 17. a3 Na6 18. Nd3 Bd7 19. f4 Rad8 20. fxe5 Qxb3 21. Rab1 Qa4 22. Nxc5 Nxc5 23. Qxd4 Bg4 24. Qf2 Bxe2 25. Qxe2 Ne6 26. Bc1 Qc6 27. Qg4 Rd4 28. Bxh6 Rxe4 29. Qf5 Re7 30. Bc1 Nd4 31. Qh3 R4xe5 32. Bb2 Qxc4 33. Rbd1 Ne2+ 34. Kh1 Re3 35. Rf3 Nf4 36. Qg3 1-0

[Event "22nd ETCC Women 2019"]
[Site "Batumi"]
[Date "2019.10.26"]
[Round "3.26"]
[White "Bejatovic, Bojana"]
[Black "Machlik, Edit"]
[Result "1/2-1/2"]
[ECO "B12"]
[WhiteElo "2004"]
[BlackElo "2062"]
[Annotator "NA"]
[PlyCount "90"]
[EventDate "2019.10.24"]
[EventType "team-tourn"]
[EventCountry "GEO"]
[SourceTitle "playchess.com"]
[Source "ChessBase"]
[SourceQuality "1"]
[WhiteTeam "Macedonia"]
[BlackTeam "Norway"]
[WhiteTeamCountry "MKD"]
[BlackTeamCountry "NOR"]
[TimeControl "40/5400+30:1800+30"]

1. e4 c6 2. d4 d5 3. e5 Bf5 4. Bd3 Bxd3 5. Qxd3 e6 6. Ne2 Ne7 7. O-O Nd7 8. Nd2 c5 9. c3 Nf5 10. Nf3 Be7 11. g4 Nh4 12. Nxh4 Bxh4 13. f4 cxd4 14. cxd4 Qb6 15. Be3 O-O-O 16. a4 Kb8 17. a5 Qa6 18. Qd2 Rc8 19. Nc3 Be7 20. Na4 Qb5 21. Nc3 Qb3 22. Qe2 h5 23. f5 hxg4 24. fxe6 fxe6 25. Rf7 Rce8 26. Nb5 Rh3 27. Bf4 g5 28. Bg3 Qb4 29. Rd1 Rhh8 30. Nd6 Bxd6 31. exd6 Rd8 32. Qxe6 Qa4 33. Qxg4 Rhe8 34. Re7 Rf8 35. Rc1 Ka8 36. Be5 Nxe5 37. Rxe5 a6 38. Rxd5 Qb3 39. Rdc5 Qxb2 40. Rc8+ Ka7 41. d7 Rxd7 42. Qxd7 Qf2+ 43. Kh1 Qf3+ 44. Kg1 Qf2+ 45. Kh1 Qf3+ 1/2-1/2

[Event "22nd ETCC Women 2019"]
[Site "Batumi"]
[Date "2019.10.26"]
[Round "3.27"]
[White "Novkovic, Julia"]
[Black "Mammadova, Gulnar"]
[Result "0-1"]
[ECO "C03"]
[WhiteElo "2146"]
[BlackElo "2369"]
[Annotator "NA"]
[PlyCount "132"]
[EventDate "2019.10.24"]
[EventType "team-tourn"]
[EventCountry "GEO"]
[SourceTitle "playchess.com"]
[Source "ChessBase"]
[SourceQuality "1"]
[WhiteTeam "Austria"]
[BlackTeam "Azerbaijan"]
[WhiteTeamCountry "AUT"]
[BlackTeamCountry "AZE"]
[TimeControl "40/5400+30:1800+30"]

1. e4 e6 2. d4 d5 3. Nd2 a6 4. Ngf3 c5 5. dxc5 Bxc5 6. Bd3 Ne7 7. O-O Nbc6 8. Nb3 Ba7 9. c3 dxe4 10. Bxe4 Qxd1 11. Rxd1 e5 12. Re1 f6 13. Be3 O-O 14. Rad1 Bb8 15. Bc5 Re8 16. Bb6 Ba7 17. Bxa7 Rxa7 18. Rd6 Bf5 19. Bxf5 Nxf5 20. Rd7 Re7 21. Red1 b6 22. R7d5 h5 23. h3 Kf7 24. g4 hxg4 25. hxg4 Nh6 26. Nh2 Kg6 27. Kg2 Nf7 28. Nf3 Nh6 29. Nh2 e4 30. Re1 Re6 31. Nd2 Rae7 32. Nc4 b5 33. Ne3 Ne5 34. Kg3 Nd3 35. Rb1 Re5 36. Rd6 R7e6 37. Rxe6 Rxe6 38. Ng2 f5 39. Rd1 Kf6 40. Rd2 g5 41. gxf5 Nxf5+ 42. Kh3 Nf4+ 43. Nxf4 gxf4 44. Kg4 Ke5 45. Kg5 e3 46. Rd1 Rd6 47. Re1 Rd8 48. Ng4+ Ke4 49. f3+ Kxf3 50. Rf1+ Ke2 51. Rxf4 Ng3 52. a4 Kd2 53. Nxe3 Rg8+ 54. Kh6 Kxe3 55. Rb4 Nf5+ 56. Kh7 Rg7+ 57. Kh8 bxa4 58. Rxa4 Ra7 59. Ra5 Ke4 60. b3 Nd6 61. c4 Nb7 62. Rd5 a5 63. Kg7 Nc5+ 64. Kf6 Nxb3 65. Rh5 a4 66. c5 a3 0-1

[Event "22nd ETCC Women 2019"]
[Site "Batumi"]
[Date "2019.10.26"]
[Round "3.27"]
[White "Johnsen, Sylvia"]
[Black "Manova, Ivana"]
[Result "1-0"]
[ECO "A25"]
[WhiteElo "1898"]
[BlackElo "1795"]
[Annotator "NA"]
[PlyCount "95"]
[EventDate "2019.10.24"]
[EventType "team-tourn"]
[EventCountry "GEO"]
[SourceTitle "playchess.com"]
[Source "ChessBase"]
[SourceQuality "1"]
[WhiteTeam "Norway"]
[BlackTeam "Macedonia"]
[WhiteTeamCountry "NOR"]
[BlackTeamCountry "MKD"]
[TimeControl "40/5400+30:1800+30"]

1. c4 e5 2. Nc3 Nc6 3. g3 f5 4. Nf3 Nf6 5. d4 e4 6. d5 exf3 7. dxc6 bxc6 8. exf3 Be7 9. Bd3 d5 10. cxd5 cxd5 11. O-O O-O 12. Qc2 Qd7 13. Bg5 c6 14. Rfe1 h6 15. Bxf6 Bxf6 16. Rad1 Qd6 17. f4 Bd7 18. Na4 Bd4 19. Rc1 Rab8 20. b3 c5 21. Nc3 Kh8 22. Ne2 Qf6 23. Nxd4 cxd4 24. Re5 Rbc8 25. Qb2 Rxc1+ 26. Qxc1 Rc8 27. Qd2 Qc6 28. Bxf5 Qc3 29. Qxc3 dxc3 30. Bc2 Re8 31. Kf1 Rxe5 32. fxe5 d4 33. Ke1 Bb5 34. Be4 Kg8 35. f4 Kf7 36. f5 a5 37. Kd1 d3 38. Bd5+ Ke7 39. Bc4 Bc6 40. Bxd3 h5 41. Kc2 a4 42. b4 a3 43. Kxc3 Bd5 44. b5 Bxa2 45. Kb4 Bd5 46. Kxa3 Kd7 47. Kb4 g6 48. Kc5 1-0

[Event "22nd ETCC Women 2019"]
[Site "Batumi"]
[Date "2019.10.26"]
[Round "3.28"]
[White "Mamedjarova, Turkan"]
[Black "Teuschler, Barbara"]
[Result "1-0"]
[ECO "D20"]
[WhiteElo "2314"]
[BlackElo "2136"]
[Annotator "NA"]
[PlyCount "103"]
[EventDate "2019.10.24"]
[EventType "team-tourn"]
[EventCountry "GEO"]
[SourceTitle "playchess.com"]
[Source "ChessBase"]
[SourceQuality "1"]
[WhiteTeam "Azerbaijan"]
[BlackTeam "Austria"]
[WhiteTeamCountry "AZE"]
[BlackTeamCountry "AUT"]
[TimeControl "40/5400+30:1800+30"]

1. d4 d5 2. c4 dxc4 3. e4 e5 4. Nf3 exd4 5. Bxc4 Nc6 6. O-O Be6 7. Bb5 Bc5 8. b4 Bb6 9. a4 a6 10. Bxc6+ bxc6 11. a5 Ba7 12. Bb2 Nf6 13. Bxd4 Nxe4 14. Re1 Ng5 15. Nxg5 Bxd4 16. Nxe6 fxe6 17. Ra2 O-O 18. Rd2 e5 19. Nc3 Qd6 20. Qb3+ Kh8 21. Ne4 Qd5 22. Qh3 Rae8 23. Qd3 Qb5 24. Qxb5 cxb5 25. Rc2 Re6 26. Rxc7 h6 27. Re2 Kg8 28. h3 Rf7 29. Rec2 Rf4 30. Re2 Rf7 31. Rc8+ Rf8 32. Rec2 Rxc8 33. Rxc8+ Kf7 34. Kf1 Re7 35. Ke2 Ke6 36. Kd3 Rd7 37. Rc6+ Kf5 38. Ng3+ Kg5 39. Ke2 Rf7 40. Ne4+ Kf4 41. Nd6 Rd7 42. g3+ Kg5 43. Ne4+ Kh5 44. Rxa6 Rc7 45. Nd2 e4 46. Rd6 Bb2 47. Nxe4 Rc4 48. Nc5 Bd4 49. Ne6 Bc3 50. Nf4+ Kg5 51. Rd5+ Kf6 52. Rxb5 1-0

[Event "22nd ETCC Women 2019"]
[Site "Batumi"]
[Date "2019.10.26"]
[Round "3.28"]
[White "Koskoska, Gabriela"]
[Black "Kyrkjebo, Hanna B."]
[Result "1-0"]
[ECO "A20"]
[WhiteElo "2036"]
[BlackElo "1949"]
[Annotator "NA"]
[PlyCount "97"]
[EventDate "2019.10.24"]
[EventType "team-tourn"]
[EventCountry "GEO"]
[SourceTitle "playchess.com"]
[Source "ChessBase"]
[SourceQuality "1"]
[WhiteTeam "Macedonia"]
[BlackTeam "Norway"]
[WhiteTeamCountry "MKD"]
[BlackTeamCountry "NOR"]
[TimeControl "40/5400+30:1800+30"]

1. c4 e5 2. g3 Nc6 3. Bg2 g6 4. e4 Bg7 5. Ne2 d6 6. Nbc3 Nge7 7. O-O O-O 8. d3 Be6 9. Nd5 Nd4 10. Nxd4 exd4 11. b4 c6 12. Nf4 Bd7 13. a4 Qc7 14. b5 a6 15. bxc6 bxc6 16. h4 h5 17. c5 Rfe8 18. cxd6 Qxd6 19. Ba3 Qe5 20. Rc1 Nc8 21. Bh3 Bxh3 22. Nxh3 Qe6 23. Nf4 Qd7 24. Qc2 Na7 25. Rb1 Reb8 26. Qc4 Be5 27. Nxg6 Bd6 28. Qxd4 fxg6 29. Rxb8+ Rxb8 30. Bxd6 Rd8 31. Qc4+ Kh7 32. Bc5 a5 33. d4 Nc8 34. Rb1 Nd6 35. Bxd6 Qxd6 36. Rb7+ Rd7 37. e5 Qe7 38. Rxd7 Qxd7 39. Qc5 Qb7 40. Kg2 Kg7 41. e6 Kg8 42. Qd6 c5+ 43. d5 Qb1 44. Qd8+ Kg7 45. Qe7+ Kh8 46. Qf6+ Kh7 47. Qf7+ Kh8 48. e7 Qe4+ 49. Kh2 1-0

[Event "22nd ETCC Women 2019"]
[Site "Batumi"]
[Date "2019.10.26"]
[Round "3.29"]
[White "Batsiashvili, Nino"]
[Black "Shvayger, Yuliya"]
[Result "1-0"]
[ECO "A28"]
[WhiteElo "2422"]
[BlackElo "2336"]
[Annotator "NA"]
[PlyCount "121"]
[EventDate "2019.10.24"]
[EventType "team-tourn"]
[EventCountry "GEO"]
[SourceTitle "playchess.com"]
[Source "ChessBase"]
[SourceQuality "1"]
[WhiteTeam "Georgia"]
[BlackTeam "Israel"]
[WhiteTeamCountry "GEO"]
[BlackTeamCountry "ISR"]
[TimeControl "40/5400+30:1800+30"]

1. c4 e5 2. Nc3 Nf6 3. Nf3 Nc6 4. e4 Bb4 5. d3 d6 6. a3 Bc5 7. b4 Bb6 8. Na4 Bd4 9. Rb1 Bg4 10. Be2 Bxf3 11. Bxf3 O-O 12. O-O a5 13. b5 Nb8 14. Bd2 Nbd7 15. Nc3 Nc5 16. Be1 Ne6 17. g3 c6 18. Bg2 Bc5 19. a4 Nd4 20. Kh1 Bb4 21. f4 Nd7 22. Rb2 Qe7 23. Ne2 Nxe2 24. Rxe2 Bxe1 25. Rexe1 c5 26. Bh3 Nb6 27. Rf2 f6 28. Ref1 g6 29. Bg2 Kg7 30. h4 Rad8 31. Bh3 Na8 32. f5 Nc7 33. fxg6 hxg6 34. Qg4 Ne8 35. b6 Kh6 36. Qe6 Qxe6 37. Bxe6 Kg7 38. Rb1 Rh8 39. Rb5 g5 40. Rh2 gxh4 41. Rxh4 Rxh4+ 42. gxh4 Kg6 43. Bd5 Ng7 44. Bxb7 Ne6 45. Bd5 Nf4 46. Rxa5 Rb8 47. Rb5 Kh5 48. Rb2 Nxd3 49. Rd2 Nb4 50. Bf7+ Kxh4 51. Rxd6 Kg3 52. Rxf6 Nd3 53. Kg1 Nf4 54. Bd5 Kf3 55. a5 Ke3 56. a6 Rh8 57. a7 Rh3 58. Rxf4 exf4 59. a8=Q f3 60. Qa3+ Kf4 61. Qc1+ 1-0

[Event "22nd ETCC Women 2019"]
[Site "Batumi"]
[Date "2019.10.26"]
[Round "3.30"]
[White "Efroimski, Marsel"]
[Black "Khomeriki, Nino"]
[Result "0-1"]
[ECO "C55"]
[WhiteElo "2317"]
[BlackElo "2315"]
[Annotator "NA"]
[PlyCount "110"]
[EventDate "2019.10.24"]
[EventType "team-tourn"]
[EventCountry "GEO"]
[SourceTitle "playchess.com"]
[Source "ChessBase"]
[SourceQuality "1"]
[WhiteTeam "Israel"]
[BlackTeam "Georgia"]
[WhiteTeamCountry "ISR"]
[BlackTeamCountry "GEO"]
[TimeControl "40/5400+30:1800+30"]

1. e4 e5 2. Nf3 Nc6 3. Bc4 Nf6 4. d3 Be7 5. O-O O-O 6. Re1 d6 7. a3 Be6 8. Nc3 a6 9. b4 b5 10. Bd5 Bxd5 11. Nxd5 Nxd5 12. exd5 Nb8 13. c4 f5 14. Qb3 Bf6 15. Bb2 Nd7 16. c5 Kh8 17. Rac1 g5 18. Nd2 g4 19. Nf1 Bg5 20. Rc2 h5 21. Bc1 h4 22. cxd6 cxd6 23. Rc6 Be7 24. Bb2 Nb8 25. Rc2 Bg5 26. Qc3 Ra7 27. Bc1 Bf6 28. Qd2 Rh7 29. Bb2 Qd7 30. Qc3 Qa7 31. Rec1 Rg7 32. Ne3 Bd8 33. Qc8 Rgf7 34. Qe6 Rf6 35. Qc8 Bb6 36. Qc3 g3 37. Nf1 gxf2+ 38. Kh1 Qg7 39. d4 Bxd4 40. Qh3 Bxb2 41. Rxb2 Qg4 42. Rxf2 Qxh3 43. gxh3 Nd7 44. Rc6 e4 45. Rf4 Ne5 46. Rxh4+ Kg8 47. Rc2 f4 48. Rg2+ Rg6 49. Rxg6+ Nxg6 50. Rg4 Kh7 51. Nd2 e3 52. Nf3 Ne5 53. Rh4+ Kg6 54. Nd4 f3 55. Kg1 e2 0-1